 Seeded DCSS version 0.30-a0-881-g1ff12e1e11 (webtiles) character file.

Game seed: 5052877042660457288 (custom seed)

655 bmack86 the Chopper (level 7, -1/61 HPs)
             Began as a Minotaur Fighter on Mar 14, 2023.
             Slain by an ogre
             ... wielding a +0 giant spiked club
              (18 damage)
             ... on level 5 of the Dungeon.
             The game lasted 00:08:21 (2869 turns).

bmack86 the Chopper (Minotaur Fighter)              Turns: 2869, Time: 00:08:22

Health: -1/61      AC: 13    Str: 23    XL:     7   Next: 29%
Magic:  6/6        EV:  7    Int:  5    God:
Gold:   217        SH:  4    Dex:  9    Spells: 6/6 levels left

rFire   . . .      SeeInvis .    a - +0 war axe
rCold   + . .      Faith    .    c - +0 buckler
rNeg    . . .      Spirit   .    B - +0 chain mail
rPois   .          Reflect  .    (helmet restricted)
rElec   .          Rampage  .    e - +1 cloak
rCorr   .                        n - +0 pair of gloves
Will    .....                    (no boots) Stlth
                                 y - amulet of regeneration
HPRegen 1.10/turn                i - ring of wizardry
MPRegen 0.10/turn                t - ring of protection from cold

@: no status effects
A: horns 2, retaliatory headbutt
a: no special abilities


You were on level 5 of the Dungeon.
You visited 1 branch of the dungeon, and saw 5 of its levels.

You collected 217 gold pieces.

Inventory:

Hand Weapons
 a - a +0 war axe (weapon)
Missiles
 r - a throwing net
 w - 16 poisoned darts (quivered)
 x - 3 boomerangs
Armour
 b - a +0 scale mail
 c - a +0 buckler (worn)
 e - a +1 cloak (worn)
 g - a +0 tower shield
 n - a +0 pair of gloves (worn)
 B - a +0 chain mail (worn)
Jewellery
 i - a ring of wizardry (left hand)
 t - a ring of protection from cold (right hand)
 y - an amulet of regeneration (around neck)
Wands
 o - a wand of flame (5)
Scrolls
 f - 3 scrolls of teleportation {unknown}
 h - 3 scrolls of blinking {unknown}
 j - 3 scrolls of noise {unknown}
 p - a scroll of immolation {unknown}
Potions
 d - 4 potions of might
 k - a potion of haste
 l - a potion of magic {unknown}
 m - 2 potions of curing {unknown}
 q - a potion of heal wounds {unknown}
 s - a potion of flight {unknown}
 z - a potion of resistance {unknown}
 A - a potion of cancellation


   Skills:
 + Level 5.2 Fighting
 * Level 5.9 Axes
 + Level 2.0 Throwing
 + Level 5.2 Armour
 + Level 5.1 Shields
 + Level 2.1 Evocations


You had 6 spell levels left.
You didn't know any spells.
Your spell library contained the following spells:

 Spells                   Type           Power      Damage    Failure   Level
 Sandblast                Erth           0%         2d4       86%         1
 Passwall                 Tmut/Erth      0%         N/A       95%         2
 Sublimation of Blood     Necr           0%         N/A       95%         2
 Wereblood                Tmut           0%         N/A       95%         2
 Ozocubu's Armour         Ice            0%         N/A       99%         3
 Stone Arrow              Conj/Erth      0%         3d7       99%         3
 Summon Guardian Golem    Hex/Summ       0%         N/A       99%         3
 Orb of Destruction       Conj           0%         9d5       100%        7
 Ozocubu's Refrigeration  Ice            0%         4d7       100%        7
 Spellforged Servitor     Conj/Summ      0%         N/A       100%        7
 Summon Hydra             Summ           0%         N/A       100%        7


Dungeon Overview and Level Annotations

Branches:
Dungeon (5/15)
 Temple: D:4-7

Altars:
Makhleb
Qazlal
Trog
Xom
Zin


Innate Abilities, Weirdness & Mutations

You have a pair of horns on your head.
You reflexively headbutt those who attack you in melee.


Message History

As you read the scroll labelled EGGAADWIYPP, it crumbles to dust.
A profound silence engulfs you.
It was a scroll of silence.
Found a robe.
Found 6 gold pieces.
Found a scroll labelled VUQEWK CEOS.
You now have 217 gold pieces (gained 6).
A scorpion comes into view.
The scorpion barely misses you. You block the scorpion's attack.
You see here a scroll labelled VUQEWK CEOS.
You slash the scorpion! Your headbutt misses the scorpion.
The scorpion is almost dead.
Your hearing returns.
The scorpion completely misses you. You furiously retaliate!
You headbutt the scorpion!
You kill the scorpion!
Your Throwing skill increases to level 2!
Unknown command.
u - a scroll labelled VUQEWK CEOS
As you read the scroll labelled VUQEWK CEOS, it crumbles to dust.
It is a scroll of identify.
A - a potion of cancellation
Found a glowing silver altar of Zin.
A dart slug comes into view.
A dart slug is nearby!
The dart slug bites you but does no damage.
You hit the dart slug but do no damage. The dart slug launches a dart at you.
The slug dart hits you but does no damage.
You slash the dart slug!
You kill the dart slug!
An ogre comes into view. It is wielding a +0 giant spiked club.
The ogre shouts!
The ogre hits you with a +0 giant spiked club!!
You barely miss the ogre.
The ogre hits you with a +0 giant spiked club!!
* * * LOW HITPOINT WARNING * * *
You hit the ogre. Your headbutt misses the ogre.
The ogre is lightly wounded.
The ogre hits you with a +0 giant spiked club!!
You die...

# ##.....##......#
#.#.......#......#
#.#.......#......#
#....._...........
##.#.......#.......
######..#.......#.##....
........##.....##.##....
........####.####..+....
......O@..........##....
##########.......###....
#.#...##.......
#.#...##.##....
#.....##.##....
###...##.##....
#............
#######.###.# #.# #[#


You could see an ogre.

Vanquished Creatures
  An ogre (D:4)
  2 black bears
  A scorpion (D:5)
  2 hounds (D:4)
  An orc priest (D:4)
  2 iguanas (D:4)
  An orc wizard (D:3)
  4 gnolls (D:3)
  5 adders
  A worm (D:2)
  3 dart slugs
  6 orcs
  8 endoplasms
  8 hobgoblins
  6 jackals
  4 quokkas
  4 ball pythons
  5 bats
  4 goblins
  6 kobolds
  4 rats
78 creatures vanquished.

Notes
Turn   | Place    | Note
-------+----------+-------------------------------------------
     0 | D:1      | bmack86 the Minotaur Fighter began the quest for the Orb.
     0 | D:1      | Reached XP level 1. HP: 19/19 MP: 0/0
   264 | D:1      | Reached XP level 2. HP: 27/27 MP: 1/1
   583 | D:2      | Reached XP level 3. HP: 15/33 MP: 2/2
   760 | D:2      | Found a faded altar of an unknown god.
  1097 | D:3      | Reached XP level 4. HP: 27/40 MP: 3/3
  1238 | D:3      | Found a burning altar of Makhleb.
  1407 | D:3      | Found a stormy altar of Qazlal.
  1673 | D:4      | Reached skill level 1 in Evocations
  1673 | D:4      | Reached XP level 5. HP: 33/47 MP: 4/4
  1747 | D:4      | Found a bloodstained altar of Trog.
  1747 | D:4      | Noticed a black bear
  1747 | D:4      | Noticed a black bear
  1764 | D:3      | Killed a black bear
  1765 | D:3      | Reached skill level 1 in Throwing
  1765 | D:3      | Reached XP level 6. HP: 51/53 MP: 5/5
  1771 | D:4      | Reached skill level 5 in Axes
  2065 | D:4      | Reached skill level 5 in Fighting
  2186 | D:4      | Reached skill level 5 in Armour
  2186 | D:4      | Reached skill level 5 in Shields
  2284 | D:4      | Reached XP level 7. HP: 19/61 MP: 6/6
  2629 | D:4      | Found a shimmering altar of Xom.
  2630 | D:4      | Found a shimmering altar of Xom.
  2641 | D:4      | Found a shimmering altar of Xom.
  2642 | D:4      | Found a shimmering altar of Xom.
  2642 | D:4      | Found a shimmering altar of Xom.
  2805 | D:5      | Entered Level 5 of the Dungeon
  2847 | D:5      | Found a glowing silver altar of Zin.
  2869 | D:5      | Slain by an ogre

Illustrated notes

Levels and vault maps discovered:
D:1:      scummos_arrival_simple_fountains, layout_rooms,
          palyth_stone_intersect, hangedman_decor_points
D:2:      layout_rooms, shapermc_ecumenical_altar_venn
D:3:      layout_rooms, nicolae_qazlal_general_emergency,
          mainiacjoe_overflow_boulevard, grunt_ministairs_5, item_on_display_a
D:4:      layout_basic, xom_redecorated, trog_ov_bears_minmay
D:5:      layout_basic, mainiacjoe_overflow_alcove_1, old_standard_altar,
          lemuel_round_altar, uniq_menkaure

Skill      XL: |  1  2  3  4  5  6  7 |
---------------+----------------------+-----
Axes           | 3 4 5 |  5.9
Shields        | 4 5 |  5.1
Fighting       | 4 5 |  5.2
Armour         | 4 5 |  5.2
Evocations     | 1 2 |  2.1
Throwing       | 1 2 |  2.0

Action                     |  1- 3 |  4- 6 |  7- 9 || total
---------------------------+-------+-------+-------++-------
  Melee: War axe           |    52 |    79 |     6 ||   137
         Headbutt          |     8 |    11 |       ||    19
  Throw: Dart              |       |     8 |       ||     8
  Evoke: Wand              |     5 |    11 |       ||    16
    Use: Scroll            |       |     1 |     3 ||     4
 Armour: Scale mail        |    34 |    72 |       ||   106
         Chain mail        |       |       |     2 ||     2
  Dodge: Dodged            |    29 |    46 |     2 ||    77
  Block: Buckler           |    15 |    18 |     1 ||    34

Table legend: (Time is in decaauts)
 A = Elapsed time spent in this place.
 B = Non-inter-level travel time spent in this place.
 C = Inter-level travel time spent in this place.
 D = Time resting spent in this place.
 E = Time spent auto-exploring this place.
 F = Levels seen in this place.
 G = Mean time per level.
                   A        B        C        D        E       F      G
               +--------+--------+--------+--------+--------+-----+--------+
         Total |   2914 |   2774 |    140 |    346 |   1420 |   5 |  582.8 |
       Dungeon |   2914 |   2774 |    140 |    346 |   1420 |   5 |  582.8 |
               +--------+--------+--------+--------+--------+-----+--------+

Top non-repeatable levels by time:
     D:4: 917 daAuts
     D:3: 874 daAuts
     D:1: 548 daAuts
     D:2: 510 daAuts
     D:5: 64 daAuts
